Map: Cerulean Fall LE

Players

Michael

  • Race: Zerg Zerg
  • League: Gold
  • Spawn Location: 7:00

ROC - Winner!

  • Race: Zerg Zerg
  • League: Platinum
  • Spawn Location: 1:00

VOD

Have the link to the VOD?

Description

Time

  • Played on: Oct. 7, 2018, 7:23 a.m.
  • Length: 5:45
Show
View Real Time Build Order
Export as new Build Order

Michael Zerg 

Build Orders: Pool First 

Get SALT Encoding   

  12  0:01  Drone  
  13  0:12  Overlord  
  13  0:17  Drone  
  14  0:31  Drone x2  
  14  0:34  Drone  
  17  0:41  Extractor  
  16  0:45  Drone  
  17  0:52  Spawning Pool  
  17  0:56  Drone  
  17  1:06  Drone  
  18  1:24  Hatchery  
  17  1:26  Drone  
  17  1:30  Drone  
  19  1:42  Queen  
  21  1:48  Metabolic Boost  
  21  1:53  Zergling x2  
  22  1:59  Overlord  
  22  2:21  Baneling Nest  
  21  2:23  Queen  
  23  2:31  Zergling x6  
  25  2:48  Drone x2  
  27  3:01  Overlord  
  27  3:10  Extractor, Drone x2, Evolution Chamber  
  27  3:17  Overlord  
  27  3:19  Queen  
  27  3:29  Spine Crawler  
  27  3:30  Zergling x2, Spine Crawler  
  26  3:35  Zergling x2  
  24  3:45  Spine Crawler  
  24  3:46  Zergling x2  
  24  3:49  Zergling x2  
  24  3:52  Zergling x2  
  25  3:56  Baneling x2  
  25  4:02  Zergling x2  
  24  4:03  Zergling x2  
  21  4:17  Queen  
  19  4:36  Drone  
  19  4:37  Drone  
  19  4:52  Drone  
  19  4:53  Queen  
  19  4:56  Drone  
  22  5:11  Zergling x2  
  22  5:13  Zergling x2  
  24  5:28  Spine Crawler  
  24  5:31  Baneling  
Show
View Real Time Build Order
Export as new Build Order

ROC Zerg - Winner!

Build Orders: Pool First 

Get SALT Encoding   

  12  0:02  Drone  
  13  0:08  Drone  
  13  0:12  Extractor  
  13  0:18  Extractor  
  13  0:19  Drone  
  15  0:36  Spawning Pool  
  15  0:37  Extractor  
  15  0:38  Drone  
  14  0:43  Extractor  
  14  0:45  Drone  
  15  1:12  Hatchery  
  15  1:15  Overlord  
  14  1:23  Extractor  
  14  1:24  Drone  
  15  1:33  Overlord  
  15  1:35  Drone  
  16  1:40  Drone  
  17  1:51  Drone  
  18  1:57  Queen  
  20  2:04  Metabolic Boost  
  20  2:11  Drone  
  20  2:13  Zergling x2  
  22  2:27  Zergling x4  
  24  2:31  Queen  
  24  2:34  Zergling x2  
  27  2:45  Zergling x6  
  30  2:59  Zergling x4  
  30  3:04  Queen  
  34  3:08  Overlord  
  34  3:11  Zergling x2  
  35  3:18  Zergling x2  
  36  3:24  Overlord  
  36  3:27  Zergling x4  
  36  3:32  Zergling x2  
  38  3:40  Zergling x6  
  40  3:44  Zergling x2  
  41  3:52  Zergling x4  
  43  4:01  Zergling x4  
  43  4:02  Zergling x2  
  38  4:20  Zergling x6  
  38  4:21  Zergling x2  
  36  4:30  Zergling x2  
  34  4:39  Lair  
  34  4:40  Zergling x4  
  36  4:47  Zergling x4  
  37  4:57  Drone x2  
  39  5:04  Drone x2  
  39  5:05  Drone x2  
  43  5:19  Zergling x2  
  43  5:20  Zergling x8  
Tags
 
Add a new tag
Caveats
  • Supply blocks, unpowered buildings, or Contaminate may cause inaccurate times.
  • Supply counts are checked every 10 seconds.